 Dungeon Crawl Stone Soup version 0.30-a0-553-g7fabdf1491 (webtiles) character file.

Game seed: 16256887343523760644

18389 greenreed the Bludgeoner (level 12, -14/115 HPs)
             Began as a Minotaur Fighter on Dec 26, 2022.
             Was an Elder of the Shining One.
             Demolished by a death knight
             ... wielding a +3 battleaxe
              (17 damage)
             ... on level 11 of the Dungeon.
             The game lasted 00:21:15 (10107 turns).

greenreed the Bludgeoner (Minotaur Fighter)        Turns: 10107, Time: 00:21:16

Health: -14/115    AC: 24    Str: 21    XL:     12   Next: 27%
Magic:  16/24      EV:  9    Int:  5    God:    the Shining One [****..]
Gold:   564        SH: 14    Dex: 17    Spells: 11/11 levels left

rFire   . . .      SeeInvis .    z - +2 morningstar (freeze)
rCold   . . .      Faith    +    c - +0 buckler
rNeg    + + .      Spirit   .    A - +1 chain mail {Will+}
rPois   .          Reflect  .    b - +1 hat
rElec   .          Harm     .    B - +2 cloak
rCorr   .          Rampage  .    s - +0 pair of gloves
Will    +....                    t - +1 pair of boots of Burning Lucidity {+Inv MP+9 Str-4 Slay+3}
Stlth   x                          - amulet of faith
HPRegen 0.39/turn                u - +6 ring of dexterity
MPRegen 0.19/turn                J - +4 ring of protection

@: divinely shielded, glowing
A: horns 2, retaliatory headbutt
a: Renounce Religion, Evoke Invisibility, Divine Shield, Cleansing Flame


You were on level 11 of the Dungeon.
You worshipped the Shining One.
The Shining One was greatly pleased with you.
You visited 2 branches of the dungeon, and saw 13 of its levels.

You collected 629 gold pieces.
You spent 65 gold pieces at shops.

Inventory:

Hand Weapons
 a - a +0 flail
 z - a +2 morningstar of freezing (weapon)
 K - a +2 morningstar of venom
Missiles
 w - 8 curare-tipped darts (quivered)
 I - 3 throwing nets
Armour
 b - a +1 hat (worn)
 c - a +0 buckler (worn)
 s - a +0 pair of gloves (worn)
 t - the +1 pair of boots of Burning Lucidity (worn) {+Inv MP+9 Str-4 Slay+3}
   (You found it on level 5 of the Dungeon)

   Str:       It affects your strength (-4).
   Slay:      It affects your accuracy & damage with ranged weapons and melee
   (+3).
   MP:        It affects your magic capacity (+9).
   +Inv:      It lets you turn invisible.
 A - a +1 chain mail of willpower (worn)
 B - a +2 cloak (worn)
 D - the +5 plate armour of a wizard's laboratory {Drain rN+ Stlth+}
   (You found it on level 7 of the Dungeon)

   rN:        It protects you from negative energy.
   Drain:     It drains your maximum health when unequipped.
   Stlth:     It makes you more stealthy.
Jewellery
 u - a +6 ring of dexterity (left hand)
 v - a ring of magical power
 x - an amulet of faith (around neck)
 J - a +4 ring of protection (right hand)
 M - a ring of see invisible
Wands
 y - a wand of acid (12)
 C - a wand of roots (13)
 F - a wand of charming (19)
Scrolls
 h - 5 scrolls of teleportation
 i - 2 scrolls of enchant armour {unknown}
 l - 6 scrolls of fear
 p - 2 scrolls of torment {unknown}
 q - a scroll of magic mapping
 r - 3 scrolls of vulnerability {unknown}
 G - 3 scrolls of fog {unknown}
 H - a scroll of poison
 L - a scroll of blinking
 N - a scroll of amnesia {unknown}
 O - a scroll of identify
 R - a scroll of noise {unknown}
Potions
 d - 2 potions of might
 e - 8 potions of heal wounds
 f - 11 potions of curing
 g - 3 potions of attraction {unknown}
 j - 3 potions of flight {unknown}
 k - 5 potions of lignification {unknown}
 m - 4 potions of mutation {unknown}
 n - 2 potions of magic {unknown}
 o - 4 potions of brilliance {unknown}
 E - 4 potions of haste {unknown}
 P - a potion of invisibility {unknown}
 Q - a potion of degeneration {unknown}


   Skills:
 * Level 13.0 Fighting
 - Level 16.0 Maces & Flails
 + Level 9.4 Armour
 + Level 3.4 Dodging
 + Level 0.5 Stealth
 + Level 6.9 Shields
 * Level 5.9 Invocations


You had 11 spell levels left.
You didn't know any spells.
Your spell library contained the following spells:

 Spells                   Type           Power      Damage    Failure   Level
 Apportation              Tloc           0%         N/A       99%         1
 Kiss of Death            Conj/Necr      0%         2d5       99%         1
 Confusing Touch          Hex            0%         N/A       100%        3
 Frozen Ramparts          Ice            0%         1d1       100%        3
 Inner Flame              Hex/Fire       0%         N/A       100%        3
 Cause Fear               Hex            0%         N/A       100%        4
 Dispel Undead            Necr           0%         3d6       100%        4
 Ice Form                 Ice/Tmut       0%         N/A       100%        4
 Summon Ice Beast         Ice/Summ       0%         N/A       100%        4
 Alistair's Intoxication  Tmut/Pois      0%         N/A       100%        5
 Freezing Cloud           Conj/Ice/Air   0%         6-21      100%        5
 Simulacrum               Ice/Necr       0%         N/A       100%        6
 Discord                  Hex            0%         N/A       100%        8
 Polar Vortex             Ice            0%         N/A       100%        9


Dungeon Overview and Level Annotations

Branches:
Dungeon (12/15)            Temple (1/1) D:4            Lair (0/5) D:10
    Orc (0/2) D:9

Altars:
Ashenzari
Cheibriados
Dithmenos
Elyvilon
Fedhas
Gozag
Hepliaklqana
Kikubaaqudgha
Makhleb
Nemelex Xobeh
Okawaru
Qazlal
Ru
Sif Muna
Trog
Uskayaw
Vehumet
Wu Jian
Xom
Yredelemnul
Zin
The Shining One

Shops:
D:5 !   D:7 *

Annotations:
D:12 Psyche


Innate Abilities, Weirdness & Mutations

You have a pair of horns on your head.
You reflexively headbutt those who attack you in melee.


Message History

You feel much better.
The death knight hits you with a +3 battleaxe!!
The jumping spider closely misses you. The jumping spider bites you.
* * * LOW HITPOINT WARNING * * *
You hit the jumping spider. You freeze the jumping spider.
The jumping spider is moderately wounded.
The jumping spider closely misses you.
The jumping spider bites you but does no damage.
The death knight barely misses you. You furiously retaliate!
You headbutt the death knight.
The death knight reflects your damage back at you!
* * * LOW HITPOINT WARNING * * *
You sock the jumping spider! You freeze the jumping spider.
The jumping spider is almost dead.
The jumping spider barely misses you. You furiously retaliate!
You headbutt the jumping spider.
You kill the jumping spider!
The jumping spider's shape twists and changes as it dies.
The death knight hits you with a +3 battleaxe!
* * * LOW HITPOINT WARNING * * *
You feel much better.
The death knight hits you with a +3 battleaxe!
* * * LOW HITPOINT WARNING * * *
Your shield is strengthened by the Shining One's divine power.
The death knight hits you with a +3 battleaxe.
* * * LOW HITPOINT WARNING * * *
You feel much better.
The death knight hits you with a +3 battleaxe!
* * * LOW HITPOINT WARNING * * *
Activating: Cleansing Flame (34% risk of failure)
Press: ? - help, Dir - look around, f - activate The golden flame engulfs you but does no damage.
You resist.
The golden flame engulfs the death knight!!
The death knight is moderately wounded.
The death knight reflects your damage back at you!
* * * LOW HITPOINT WARNING * * *
The death knight's dark mirror aura disappears.
The death knight hits you with a +3 battleaxe!
You die...

#.# #.....).# ##..# ##.#
######.## #..## #..# #...†#
#.## #.## ##'##### #######.##
#.# #......# #........# ##.####
#......### #........# ......#
#......'.# #........#
.(....#####.....p#.###........#
..........#....†@#..##........#
......###.#......##.##........#
# ......#
#)+......##...........###
......#
###......#####...........
.###### #####+## #........###
...^# ##.# ####.##### ###'###
#..# #.....# <.<...# #.##
######'### ......#
#.#########........#


You could see a death knight.

Vanquished Creatures
  A hydra (D:11)
  Erolcha (D:9)
  2 boulder beetles
  5 two-headed ogres
  Pikel (D:8)
  A manticore (D:11)
  A gargoyle (D:12)
  Grinder (D:3)
  4 trolls
  16 slime creatures
  A shadow (D:12)
  Sigmund (D:2)
  2 jumping spiders (shapeshifter) (D:11)
  Grum (D:11)
  13 yaks
  2 steam dragons
  6 vampire mosquitoes (D:11)
  2 acid dragons
  A water moccasin (D:6)
  4 orc warriors
  4 ice beasts
  2 sky beasts
  An ogre (D:6)
  7 centaurs
  4 wolves (D:11)
  A lemure (D:8)
  2 kobold brigands (D:10)
  3 necrophages
  2 bullfrogs
  A scorpion (D:4)
  3 wights (D:6)
  6 killer bees (D:9)
  4 howler monkeys
  2 jellies
  5 hounds
  5 orc priests
  Crazy Yiuf (D:6)
  3 iguanas
  Jessica (D:3)
  8 orc wizards
  8 gnolls
  9 adders
  An ufetubus (D:6)
  4 dart slugs
  34 orcs
  6 ball pythons
  2 endoplasms
  3 giant cockroaches
  9 goblins
  4 hobgoblins
  7 jackals
  14 kobolds
  3 quokkas
  4 bats
  3 frilled lizards
  6 rats
248 creatures vanquished.

Vanquished Creatures (others)
  3 fungi (D:6)
3 creatures vanquished.

Grand Total: 251 creatures vanquished

Notes
Turn   | Place    | Note
-------+----------+-------------------------------------------
     0 | D:1      | greenreed the Minotaur Fighter began the quest for the Orb.
     0 | D:1      | Reached XP level 1. HP: 19/19 MP: 0/0
    87 | D:1      | Reached XP level 2. HP: 26/27 MP: 1/1
   856 | D:2      | Reached XP level 3. HP: 29/33 MP: 2/2
   905 | D:1      | Reached skill level 3 in Maces & Flails
  1051 | D:2      | Reached XP level 4. HP: 39/40 MP: 3/3
  1228 | D:2      | Found a faded altar of an unknown god.
  1255 | D:2      | Noticed Sigmund
  1262 | D:2      | Killed Sigmund
  1263 | D:2      | Reached skill level 4 in Maces & Flails
  1263 | D:2      | Reached skill level 5 in Armour
  1263 | D:2      | Reached skill level 1 in Dodging
  1263 | D:2      | Reached XP level 5. HP: 38/47 MP: 4/4
  1462 | D:3      | Noticed Jessica
  1467 | D:3      | Killed Jessica
  1468 | D:3      | Reached skill level 5 in Maces & Flails
  1468 | D:3      | Reached XP level 6. HP: 50/53 MP: 5/5
  1673 | D:3      | Noticed Grinder
  1674 | D:3      | Paralysed by Grinder for 4 turns
  1682 | D:3      | Paralysed by Grinder for 4 turns
  1690 | D:3      | Killed Grinder
  1691 | D:3      | Reached skill level 5 in Fighting
  1691 | D:3      | Reached skill level 6 in Maces & Flails
  1903 | D:3      | Noticed an ice beast
  1911 | D:3      | Killed an ice beast
  1912 | D:3      | Reached XP level 7. HP: 46/61 MP: 6/6
  2460 | D:4      | Reached skill level 7 in Maces & Flails
  2544 | D:4      | Found a staircase to the Ecumenical Temple.
  2553 | Temple   | Entered the Ecumenical Temple
  2613 | Temple   | Became a worshipper of the Shining One
  3085 | D:5      | Entered Level 5 of the Dungeon
  3087 | D:5      | Identified the +1 pair of boots of Burning Lucidity {+Inv
                  | MP+9 Str-4 Slay+3}
  3235 | D:5      | Found Ophiuhuh's Distillery.
  3251 | D:5      | Bought a potion of heal wounds for 65 gold pieces
  3282 | D:5      | Found a basalt altar of Yredelemnul.
  3304 | D:5      | Reached skill level 5 in Shields
  3357 | D:5      | Reached skill level 8 in Maces & Flails
  3357 | D:5      | Reached XP level 8. HP: 47/70 MP: 7/7
  4176 | D:6      | Reached skill level 9 in Maces & Flails
  4344 | D:6      | Reached * piety under the Shining One
  4533 | D:6      | Reached skill level 10 in Maces & Flails
  4618 | D:6      | Reached XP level 9. HP: 67/79 MP: 8/8
  4894 | D:6      | Found a runed translucent door.
  4895 | D:6      | Noticed Crazy Yiuf
  4900 | D:6      | Killed Crazy Yiuf
  5125 | D:7      | Found Asun's General Store.
  5550 | D:7      | Reached skill level 11 in Maces & Flails
  5626 | D:7      | Identified the +5 plate armour of a wizard's laboratory
                  | {Drain rN+ Stlth+}
  5702 | D:8      | Noticed a two-headed ogre
  5708 | D:8      | Killed a two-headed ogre
  5709 | D:8      | Reached skill level 1 in Invocations
  5823 | D:8      | Found a stormy altar of Qazlal.
  5824 | D:8      | Noticed Pikel
  5825 | D:8      | Found a radiant altar of Vehumet.
  5835 | D:8      | Killed Pikel
  5836 | D:8      | Reached skill level 12 in Maces & Flails
  6119 | D:8      | Reached XP level 10. HP: 82/90 MP: 11/11
  6264 | D:8      | Reached ** piety under the Shining One
  6545 | D:9      | Found a staircase to the Orcish Mines.
  6603 | D:9      | Reached skill level 13 in Maces & Flails
  6724 | D:9      | Noticed Erolcha
  6729 | D:9      | Killed Erolcha
  6817 | D:9      | Reached skill level 14 in Maces & Flails
  7047 | D:9      | You fall into a shaft and drop 2 floors!
  7135 | D:11     | Noticed Grum
  7154 | D:11     | Killed Grum
  7279 | D:11     | Noticed a seven-headed hydra
  7282 | D:11     | Killed a seven-headed hydra
  7283 | D:11     | Reached skill level 10 in Fighting
  7283 | D:11     | Reached XP level 11. HP: 84/99 MP: 13/13
  7338 | D:10     | Entered Level 10 of the Dungeon
  7462 | D:10     | Noticed a two-headed ogre
  7467 | D:10     | Killed a two-headed ogre
  7482 | D:10     | Found a staircase to the Lair.
  7738 | D:10     | Reached skill level 15 in Maces & Flails
  7971 | D:10     | Noticed a two-headed ogre
  7971 | D:10     | Reached *** piety under the Shining One
  7978 | D:10     | Killed a two-headed ogre
  8415 | D:11     | Noticed a two-headed ogre
  8430 | D:11     | Killed a two-headed ogre
  8431 | D:11     | Reached skill level 5 in Invocations
  8990 | D:12     | Reached skill level 16 in Maces & Flails
  9027 | D:12     | Noticed a two-headed ogre
  9035 | D:12     | Killed a two-headed ogre
  9152 | D:12     | Reached XP level 12. HP: 58/112 MP: 15/15
  9475 | D:12     | Reached **** piety under the Shining One
  9675 | D:12     | Noticed a boulder beetle
  9695 | D:12     | Killed a boulder beetle
  9757 | D:12     | Noticed an ogre mage
  9757 | D:12     | Noticed a death knight
  9758 | D:12     | Noticed a boulder beetle
  9766 | D:12     | Noticed a centaur warrior
  9923 | D:12     | Noticed a boulder beetle
  9985 | D:12     | Noticed a centaur warrior
  9996 | D:11     | Killed a boulder beetle
 10096 | D:12     | Paralysed by an ogre mage for 3 turns
 10098 | D:12     | Noticed a death knight
 10099 | D:12     | Noticed Psyche
 10107 | D:11     | HP: 2/115 [mirror damage (12)]
 10107 | D:11     | Demolished by a death knight

Illustrated notes

Levels and vault maps discovered:
D:1:      evilmike_arrival_home_sweet_home, layout_basic
D:2:      layout_rooms, hellmonk_ecumenical_altar_inner_sanctum, uniq_sigmund
D:3:      layout_basic, minmay_between, uniq_jessica, uniq_grinder
D:4:      layout_rooms, minmay_temple_entry_glass
D:5:      layout_loops_ring, lemuel_crystal_altar, serial_shops,
          nicolae_shop_stone, kennysheep_generic_room_10
D:6:      layout_basic, interstate_on_off, minmay_misc_feat_four_crosses,
          grunt_decor_mini_mirrors, uniq_crazy_yiuf_cottage
D:7:      layout_loops_ring, serial_shops, shop
D:8:      layout_loops_ring, grunt_temple_overflow_open, feat_on_display,
          uniq_pikel
D:9:      layout_roguey, orc_0_dummy, uniq_erolcha
D:10:     layout_roguey, lair_entry_dummy
D:11:     layout_roguey, minivault_1, uniq_grum
D:12:     layout_rooms, minivault_28, uniq_psyche
Temple:   nicolae_temple_bog_church

Skill      XL: |  1  2  3  4  5  6  7  8  9 10 11 12 |
---------------+-------------------------------------+-----
Armour         | 4 5 6 7 8 9 |  9.4
Fighting       | 4 5 6 7 8 10 12 13 | 13.0
Maces & Flails | 3 4 5 6 8 10 12 14 16 | 16.0
Shields        | 4 5 6 |  6.9
Dodging        | 1 2 3 |  3.4
Invocations    | 2 4 5 |  5.9
Stealth        | |  0.5

Action                   |  1- 3 |  4- 6 |  7- 9 | 10-12 || total
-------------------------+-------+-------+-------+-------++-------
Melee: Flail             |    76 |    54 |   176 |       ||   306
       Headbutt          |     8 |     8 |    48 |    87 ||   151
       Morningstar       |       |       |    60 |   294 ||   354
Invok: Divine Shield     |       |       |       |     1 ||     1
       Cleansing Flame   |       |       |       |     1 ||     1
  Use: Scroll            |       |       |       |     6 ||     6
       Potion            |       |       |       |     3 ||     3
Armor: Scale mail        |    34 |       |       |       ||    34
       Plate armour      |    12 |    39 |   133 |       ||   184
       Chain mail        |       |       |    21 |   166 ||   187
Dodge: Dodged            |    25 |    10 |    71 |    97 ||   203
Block: Buckler           |    21 |    10 |    51 |    72 ||   154

Table legend: (Time is in decaauts)
 A = Elapsed time spent in this place.
 B = Non-inter-level travel time spent in this place.
 C = Inter-level travel time spent in this place.
 D = Time resting spent in this place.
 E = Time spent auto-exploring this place.
 F = Levels seen in this place.
 G = Mean time per level.
                   A        B        C        D        E       F      G
               +--------+--------+--------+--------+--------+-----+--------+
         Total |  10096 |   9682 |    414 |    612 |   7498 |  13 |  776.6 |
       Dungeon |   9941 |   9545 |    396 |    612 |   7384 |  12 |  828.4 |
        Temple |    155 |    137 |     18 |      0 |    114 |   1 |  155.0 |
               +--------+--------+--------+--------+--------+-----+--------+

Top non-repeatable levels by time:
    D:11: 1215 daAuts
     D:6: 1015 daAuts
     D:3: 951 daAuts
     D:1: 912 daAuts
     D:8: 863 daAuts
     D:5: 829 daAuts
    D:10: 805 daAuts
    D:12: 788 daAuts
     D:7: 741 daAuts
     D:9: 702 daAuts
     D:4: 653 daAuts
     D:2: 461 daAuts
  Temple: 155 daAuts
